 Dungeon Sprint DCSS version 0.14-a0-519-g334afa2 (webtiles) character file.

7400000 HungrySpirit the Axe Maniac (level 21, -7/135 HPs)
             Began as a Spriggan Assassin on Nov 2, 2013.
             Was the Champion of Makhleb.
             Killed from afar by a large bag of meat (52 damage)
             ... with an exploding inner flame
             ... in the Dungeon (Sprint VIII: "Arena of Blood").
             The game lasted 00:03:34 (74 turns).

HungrySpirit the Axe Maniac (Spriggan Assassin)       Turns: 74, Time: 00:03:34

HP  -7/135       AC  5     Str  7      XL: 21   Next: 24%
MP  31/48        EV 44     Int 16      God: Makhleb [******]
Gold 0           SH  0     Dex 24      Spells:  0 memorised, 74 levels left

Res.Fire  : . . .   See Invis. : +   n - +∞ Axe of Woe
Res.Cold  : . . .   Warding    : .   c - +0 robe
Life Prot.: . . .   Conserve   : .   (shield restricted)
Res.Poison: .       Res.Corr.  : .   (helmet restricted)
Res.Elec. : .       Clarity    : .   d - +0 cloak
Sust.Abil.: . .     Spirit.Shd : .   (gloves unavailable)
Res.Mut.  : .       Prev.Telep.: +   (boots unavailable)
Res.Rott. : .       Flight     : .   (no amulet)
Saprovore : . . .                    (no ring)
                                     (no ring)

@: rotting, very quick, extremely resistant to hostile enchantments, uncannily
stealthy
A: unfitting armour, see invisible, herbivore 3, speed 3, slow metabolism 2
a: Minor Destruction, Lesser Servant of Makhleb, Major Destruction, Greater
Servant of Makhleb, Renounce Religion


You were in the Dungeon.
You worshipped Makhleb.
Makhleb was exalted by your worship.
You were not hungry.

You visited 1 branch

Inventory:

Hand weapons
 a - a +2,+2 dagger
 b - a +0 blowgun
 n - the +∞,+∞ Axe of Woe (weapon)
   (You found it in the Dungeon)
Missiles
 e - 8 poisoned needles
 f - 2 curare-tipped needles
Armour
 c - a +0 robe (worn)
 d - a +0 cloak (worn)
Scrolls
 m - a scroll of blinking
Potions
 g - a potion of porridge
 h - a potion of curing
 i - a potion of heal wounds
 j - a potion of speed
 k - 2 potions of magic
 l - a potion of berserk rage


   Skills:
 + Level 26.6 Fighting
 + Level 17.1 Short Blades
 O Level 27 Axes
 O Level 27 Throwing
 * Level 20.1 Armour
 O Level 27 Dodging
 O Level 27 Stealth
 * Level 21.6 Unarmed Combat
 O Level 27 Spellcasting
 * Level 24.4 Invocations


You had 74 spell levels left.
You didn't know any spells.

Dungeon Overview and Level Annotations

Branches:
Dungeon (1/1)

Altars:
Makhleb


Innate Abilities, Weirdness & Mutations

You are tiny and cannot use many weapons and most armour.
You have supernaturally acute eyesight.
You are a herbivore.
You cover ground extremely quickly.
You need consume almost no food.


Message History

Unknown command.
You fatally mangle the tyrant.
You destroy the tyrant!
Makhleb accepts your kill.
Your Short Blades skill increases to level 17!
Your Armour skill increases to level 20!
Your Invocations skill increases to level 24!
You fatally mangle the tentacled monstrosity.
You kill the tentacled monstrosity!
The large abomination disappears in a puff of smoke!
The tentacled monstrosity disappears in a puff of smoke!
You hear a shout!
The large bag of meat hits you with a +9,+9 giant spiked club!
Ouch! That really hurt!
You hear a shout!
Unknown command.
You fatally mangle the large bag of meat.
The large bag of meat explodes!
The fiery explosion engulfs you!
You die...

.#........_......
...X...#.)...#
........#_)<._# .
.#...X.o.#o))..#.....
....#......))_).......
.....§....V.###.......
.....§§###O...§..###.
......§§).#.§.....#
.......).@#§......#
.#.....)%))§........
.#.#...)§§........
#..%.§..........
#.#.........O....
.#...%.#........
..............
....##.#%... ...
......


You could see a meat berserker (berserk).

Vanquished Creatures
  A greater mummy (D)
  A hell beast (D)
  2 hill giants (D)
  A hydra (D)
  A lich (D)
  15 ogres (D)
  31 orcs (D)
  A skeletal warrior (D)
  8 vampire knights (D)
  2 tentacled monstrosities (D)
  4 large abominations (D)
  4 crawling corpses (D)
71 creatures vanquished.

Vanquished Creatures (others)
  A hydra (D)
  2 orcs (D)
  A crawling corpse (D)
4 creatures vanquished.

Grand Total: 75 creatures vanquished

Notes
Turn   | Place    | Note
--------------------------------------------------------------
     0 | D        | HungrySpirit, the Spriggan Assassin, began the quest for the Orb.
     0 | D        | Reached XP level 1. HP: 10/10 MP: 1/1
     3 | D        | Noticed a bag of meat
     3 | D        | Noticed a bag of meat
     4 | D        | Became a worshipper of Makhleb the Destroyer
     5 | D        | Noticed a meat berserker
     6 | D        | Noticed a bag of meat
     6 | D        | Noticed a meat berserker
     6 | D        | Noticed a meat berserker
     6 | D        | Noticed a meat berserker
     7 | D        | Noticed a bag of meat
     7 | D        | Killed a meat berserker
     7 | D        | Reached skill level 11 in Fighting
     7 | D        | Reached skill level 16 in Axes
     7 | D        | Reached XP level 2. HP: 14/16 MP: 3/3
     7 | D        | Reached XP level 3. HP: 18/21 MP: 5/5
     7 | D        | Reached XP level 4. HP: 21/25 MP: 7/7
     7 | D        | Reached XP level 5. HP: 25/30 MP: 9/9
     7 | D        | Reached XP level 6. HP: 29/35 MP: 11/11
     7 | D        | Reached XP level 7. HP: 32/39 MP: 13/13
     7 | D        | Reached XP level 8. HP: 36/45 MP: 15/15
     7 | D        | Reached XP level 9. HP: 39/49 MP: 17/17
     7 | D        | Reached XP level 10. HP: 42/54 MP: 18/18
     7 | D        | Reached XP level 11. HP: 45/59 MP: 20/20
     8 | D        | Noticed a bag of meat
     8 | D        | Noticed a bag of meat
     8 | D        | Noticed a meat berserker
     8 | D        | Killed a meat berserker
     8 | D        | Acquired Makhleb's first power
     8 | D        | Reached skill level 19 in Axes
     8 | D        | Reached skill level 15 in Throwing
     8 | D        | Reached XP level 12. HP: 16/65 MP: 21/21
     9 | D        | Killed a bag of meat
     9 | D        | Reached skill level 20 in Axes
     9 | D        | Reached XP level 13. HP: 16/71 MP: 22/22
    10 | D        | Killed a meat berserker
    10 | D        | Reached skill level 21 in Axes
    11 | D        | Noticed a meat berserker
    11 | D        | Killed a meat berserker
    11 | D        | Acquired Makhleb's second power
    11 | D        | Reached skill level 15 in Fighting
    11 | D        | Reached skill level 23 in Axes
    11 | D        | Reached XP level 14. HP: 75/79 MP: 23/23
    12 | D        | Noticed a bag of meat
    12 | D        | Killed a bag of meat
    13 | D        | Killed a bag of meat
    13 | D        | Reached skill level 24 in Axes
    13 | D        | Reached skill level 15 in Dodging
    13 | D        | Reached XP level 15. HP: 83/85 MP: 24/24
    14 | D        | Noticed a bag of meat
    15 | D        | Killed a meat berserker
    15 | D        | Acquired Makhleb's third power
    15 | D        | Reached skill level 25 in Axes
    15 | D        | Killed a bag of meat
    15 | D        | Reached skill level 26 in Axes
    16 | D        | Killed a bag of meat
    16 | D        | Reached skill level 27 in Axes
    16 | D        | Killed a meat berserker
    16 | D        | Acquired Makhleb's fourth power
    16 | D        | Reached XP level 16. HP: 74/94 MP: 25/25
    17 | D        | Noticed a bag of meat
    19 | D        | Noticed a bag of meat
    19 | D        | Killed a bag of meat
    21 | D        | Killed a bag of meat
    23 | D        | Noticed a bag of meat
    24 | D        | Noticed a bag of meat
    24 | D        | Killed a bag of meat
    26 | D        | Noticed a meat berserker
    26 | D        | Killed a bag of meat
    26 | D        | Acquired Makhleb's fifth power
    26 | D        | Reached skill level 27 in Throwing
    26 | D        | Reached XP level 17. HP: 102/104 MP: 25/25
    28 | D        | Killed a bag of meat
    29 | D        | Noticed a bag of meat
    31 | D        | Killed a bag of meat
    32 | D        | Noticed a large bag of meat
    32 | D        | Noticed a large bag of meat
    34 | D        | Noticed a destroyer
    34 | D        | Noticed a destroyer
    36 | D        | Noticed an eight-headed meat hydra
    37 | D        | Noticed a bag of meat
    37 | D        | Noticed a destroyer
    37 | D        | Noticed a bag of meat
    37 | D        | Noticed a meat berserker
    37 | D        | Noticed a destroyer
    38 | D        | Noticed a meat berserker
    38 | D        | Noticed a bag of meat
    38 | D        | Noticed a bag of meat
    38 | D        | Noticed a destroyer
    38 | D        | Noticed an eight-headed meat hydra
    39 | D        | Noticed a bag of meat
    39 | D        | Noticed a bag of meat
    39 | D        | Noticed a bag of meat
    39 | D        | Noticed a bag of meat
    40 | D        | Noticed a sculptor of flesh
    41 | D        | Noticed a bag of meat
    41 | D        | Killed a meat berserker
    41 | D        | Reached skill level 5 in Spellcasting
    41 | D        | Killed a destroyer
    41 | D        | Reached skill level 5 in Armour
    41 | D        | Reached skill level 5 in Unarmed Combat
    42 | D        | Noticed a meat berserker
    42 | D        | Noticed a bag of meat
    42 | D        | Killed a bag of meat
    42 | D        | Reached skill level 5 in Short Blades
    42 | D        | Reached XP level 18. HP: 79/114 MP: 25/36
    43 | D        | Noticed a meat berserker
    43 | D        | Noticed a bag of meat
    43 | D        | Killed a meat berserker
    43 | D        | Reached skill level 10 in Spellcasting
    43 | D        | Killed a destroyer
    43 | D        | Reached skill level 10 in Invocations
    44 | D        | Killed a meat berserker
    45 | D        | Noticed a large bag of meat
    45 | D        | Killed a destroyer
    45 | D        | Reached skill level 10 in Unarmed Combat
    46 | D        | Noticed a destroyer
    46 | D        | Noticed a bag of meat
    46 | D        | Noticed a bag of meat
    46 | D        | Killed a large bag of meat
    46 | D        | Killed a bag of meat
    46 | D        | Killed a bag of meat
    46 | D        | Killed a bag of meat
    47 | D        | Noticed a bag of meat
    47 | D        | Killed a meat berserker
    47 | D        | Killed a bag of meat
    48 | D        | Noticed a destroyer
    48 | D        | Noticed a bag of meat
    48 | D        | Killed a bag of meat
    48 | D        | Killed a meat berserker
    49 | D        | Noticed a meat berserker
    49 | D        | Noticed a meat berserker
    49 | D        | Killed a destroyer
    49 | D        | Reached skill level 10 in Armour
    49 | D        | Reached skill level 27 in Stealth
    49 | D        | Reached skill level 15 in Spellcasting
    49 | D        | Killed a bag of meat
    49 | D        | Killed a nine-headed meat hydra
    50 | D        | Noticed a bag of meat
    50 | D        | Killed a destroyer
    50 | D        | Reached XP level 19. HP: 121/121 MP: 26/42
    50 | D        | Killed a bag of meat
    50 | D        | Killed a sculptor of flesh
    50 | D        | Reached skill level 10 in Short Blades
    50 | D        | Reached skill level 15 in Invocations
    51 | D        | Noticed a bag of meat
    51 | D        | Killed a bag of meat
    51 | D        | Killed a bag of meat
    52 | D        | Noticed a bag of meat
    52 | D        | Killed a bag of meat
    52 | D        | Killed a large bag of meat
    53 | D        | Noticed a bag of meat
    53 | D        | Killed an eight-headed meat hydra
    54 | D        | Killed a destroyer
    55 | D        | Killed a bag of meat
    56 | D        | Noticed a destroyer
    56 | D        | Noticed a tyrant
    56 | D        | Killed a meat berserker
    56 | D        | Reached skill level 15 in Unarmed Combat
    57 | D        | Noticed a bag of meat
    57 | D        | Killed a bag of meat
    58 | D        | Killed a bag of meat
    59 | D        | Noticed an accursed
    59 | D        | Killed a bag of meat
    59 | D        | Killed a meat berserker
    59 | D        | Reached skill level 15 in Armour
    59 | D        | Reached skill level 27 in Dodging
    59 | D        | Killed a bag of meat
    60 | D        | Noticed a meat berserker
    60 | D        | Killed a bag of meat
    61 | D        | Killed a bag of meat
    61 | D        | Reached XP level 20. HP: 126/128 MP: 28/45
    62 | D        | Noticed a meat berserker
    62 | D        | Killed a bag of meat
    63 | D        | Killed a destroyer
    64 | D        | Noticed a meat berserker
    64 | D        | Yermak: nice
    65 | D        | Killed a meat berserker
    66 | D        | Killed a bag of meat
    66 | D        | Reached skill level 15 in Short Blades
    67 | D        | Killed a destroyer
    68 | D        | Killed a bag of meat
    69 | D        | Noticed a meat beast
    70 | D        | Killed a meat berserker
    71 | D        | Killed a bag of meat
    72 | D        | Killed an accursed
    72 | D        | Reached XP level 21. HP: 133/135 MP: 31/47
    72 | D        | Killed a meat beast
    72 | D        | Reached skill level 27 in Spellcasting
    73 | D        | Noticed a meat berserker
    73 | D        | Killed a tyrant
    74 | D        | Killed a large bag of meat
    74 | D        | Killed from afar by a large bag of meat

Action                   |  1- 3 |  4- 6 |  7- 9 | 10-12 | 13-15 | 16-18 | 19-21 || total
-------------------------+-------+-------+-------+-------+-------+-------+-------++-------
Melee: Broad axe         |     1 |       |       |     2 |     6 |    16 |    22 ||    47
